Map: Abyssal Reef LE

Players

loon - Winner!

  • Race: Terran Terran
  • Spawn Location: 5:00

A.I. 1 (Medium)

  • Race: Protoss Protoss
  • Spawn Location: 11:00

VOD

Have the link to the VOD?

Description

Time

  • Played on: March 15, 2025, 3:33 p.m.
  • Length: 6:13
Show
View Real Time Build Order
Export as new Build Order

loon Terran - Winner!

Build Orders: Liberator Opening 

Get SALT Encoding   

  12  0:00  SCV  
  13  0:12  SCV  
  14  0:17  Supply Depot  
  14  0:24  SCV  
  15  0:29  Refinery  
  15  0:38  SCV  
  16  0:46  Barracks  
  16  0:51  SCV  
  16  0:57  Refinery  
  17  1:03  SCV  
  18  1:15  SCV  
  19  1:27  SCV  
  19  1:32  Marine  
  20  1:34  Factory  
  21  1:42  Supply Depot  
  21  1:43  Orbital Command  
  21  1:51  Barracks Reactor  
  21  2:09  SCV  
  22  2:18  Widow Mine  
  24  2:25  Command Center  
  24  2:28  Marine  
  25  2:30  Marine  
  25  2:33  SCV  
  27  2:40  Factory Tech Lab  
  27  2:45  Starport  
  27  2:47  Marine  
  27  2:50  Marine  
  29  2:52  SCV  
  30  2:59  Supply Depot  
  30  3:09  SCV  
  31  3:20  Cyclone, Marine x2  
  31  3:22  Supply Depot  
  36  3:29  Liberator  
  39  3:37  SCV  
  39  3:39  Marine  
  41  3:43  Marine  
  41  3:45  Supply Depot  
  42  3:50  Orbital Command  
  42  3:59  Cyclone  
  42  4:01  Marine  
  42  4:02  Marine  
  47  4:05  SCV  
  48  4:12  Medivac  
  50  4:17  SCV  
  50  4:18  SCV  
  52  4:25  Marine x2  
  52  4:29  SCV, Supply Depot  
  52  4:30  SCV  
  56  4:36  Siege Tank  
  59  4:41  SCV  
  59  4:42  SCV, Starport Reactor  
  61  4:53  SCV  
  61  4:54  Barracks  
  61  4:55  SCV, Supply Depot  
  61  4:58  Refinery  
  63  5:02  Refinery  
  63  5:05  SCV, Marine x2  
  66  5:07  SCV  
  67  5:15  Siege Tank  
  67  5:18  SCV, Supply Depot  
  71  5:28  SCV  
  71  5:30  SCV, Marine x2  
  75  5:41  Supply Depot  
  65  5:58  Barracks Tech Lab  
  65  6:02  Command Center  
Show
View Real Time Build Order
Export as new Build Order

A.I. 1 (Medium) Protoss 

Build Orders:  

Get SALT Encoding   

  12  0:00  Probe  
  13  0:13  Probe  
  14  0:19  Pylon  
  14  0:25  Probe  
  15  0:33  Probe  
  15  0:39  Gateway  
  15  0:41  Probe  
  16  0:48  Assimilator  
  17  0:51  Probe  
  18  1:01  Pylon  
  18  1:28  Gateway  
  18  1:31  Cybernetics Core  
  18  1:33  Assimilator  
  18  1:40  Zealot  
  20  1:58  Zealot  
  22  2:12  Stalker  
  24  2:19  Pylon, Warp Gate  
  24  2:24  Stalker  
  26  2:36  Probe  
  27  2:39  Stalker  
  29  2:48  Probe  
  30  2:51  Stalker  
  30  2:56  Pylon  
  32  3:00  Probe  
  33  3:08  Probe  
  33  3:12  Forge  
  34  3:16  Probe  
  34  3:26  Probe  
  36  5:10  Sentry, Probe  
  36  5:13  Photon Cannon  
  39  5:16  Photon Cannon  
  39  5:18  Robotics Facility  
  39  5:21  Stargate  
  39  5:24  Twilight Council, Adept  
  39  5:27  Gateway  
  41  5:31  Pylon  
  41  5:37  Stalker  
  41  5:38  Forge  
  43  5:46  Probe  
  33  5:51  Sentry  
  18  5:58  Probe  
  18  6:02  Pylon  
Tags
 
Add a new tag
Caveats
  • Supply blocks, unpowered buildings, or Contaminate may cause inaccurate times.
  • Supply counts are checked every 10 seconds.